 Dungeon Crawl Stone Soup version 0.27.1-33-g824d729ab1 (webtiles) character file.

Game seed: 666220127529967263

4 Atelerd the Digger (level 1, -1/11 HPs)
             Began as an Octopode Earth Elementalist on Dec 22, 2021.
             Slain by a quokka (3 damage)
             ... on level 1 of the Dungeon on Dec 23, 2021.
             The game lasted 00:00:17 (202 turns).

Atelerd the Digger (Octopode Earth Elementalist)     Turns: 202, Time: 00:00:18

Health: -1/11      AC:  1    Str:  7    XL:     1   Next: 70%
Magic:  0/3        EV: 13    Int: 17    God:
Gold:   8          SH:  0    Dex: 12    Spells: 3/4 levels left

rFire    . . .     SeeInvis .   (no weapon)
rCold    . . .     Faith    .   (no shield)
rNeg     . . .     Spirit   .   (helmet restricted)
rPois    .         Reflect  .   (no amulet)
rElec    .         Harm     .   (no ring)
rCorr    .         Rampage  .   (no ring)
Will     .....                  (no ring)
Stlth    +++.......             (no ring)
HPRegen  0.03/turn              (no ring)
MPRegen  0.08/turn              (no ring)
                                (no ring)
                                (no ring)

@: no status effects
A: almost no armour, amphibious, 8 rings, camouflage 1, gelatinous body 1,
(nimble swimmer 1), tentacles
a: no special abilities


You were on level 1 of the Dungeon.
You visited 1 branch of the dungeon, and saw 1 of its levels.

You collected 8 gold pieces.

Inventory:

Missiles
 b - 22 stones


   Skills:
 + Level 2.0 Dodging
 + Level 2.8 Stealth
 + Level 2.0 Spellcasting
 + Level 1.0 Transmutations
 + Level 3.2 Earth Magic


You had 3 spell levels left.
You knew the following spells:

 Your Spells              Type           Power      Damage    Failure   Level
a - Sandblast             Erth           24%        2d8       4%          1

Your spell library contained the following spells:

 Spells                   Type           Power      Damage    Failure   Level
 Passwall                 Tmut/Erth      6%         N/A       12%         2
 Stone Arrow              Conj/Erth      14%        3d7       30%         3
 Petrify                  Tmut/Erth      8%         N/A       63%         4


Dungeon Overview and Level Annotations

Branches:
Dungeon (1/15)

Altars:


Innate Abilities, Weirdness & Mutations

You cannot wear most types of armour.
You are amphibious.
You can wear up to eight rings at the same time.
Your skin changes colour to match your surroundings (Stealth+).
Your rubbery body absorbs attacks. (AC +1, EV +1)
((You are camouflaged near water. (Stealth+)))
You have tentacles for arms and can constrict up to eight enemies at once.


Message History

You can't see any susceptible monsters within range! (Use Z to cast anyway.)
A quokka comes into view.
The blast of sand hits the kobold but does no damage.
The kobold shouts!
The goblin shouts!
The kobold closely misses you.
You barely miss the kobold. You grab the kobold. You constrict the kobold.
The kobold barely misses you.
There are monsters nearby!
You tentacle-slap the kobold but do no damage.
The kobold is moderately wounded.
You constrict the kobold. The kobold barely misses you.
There are monsters nearby!
You tentacle-slap the kobold.
You kill the kobold!
The blast of sand hits the quokka.
The quokka is almost dead.
The goblin closely misses you. The quokka misses you.
You barely miss the quokka. Your grab misses the quokka.
The quokka is almost dead.
The quokka closely misses you. The goblin barely misses you.
The quokka bites you.
The blast of sand misses the quokka.
The goblin hits you with a +0 club.
* * * LOW HITPOINT WARNING * * *
The quokka closely misses you.
You are too injured to fight recklessly!
You are too injured to fight recklessly!
You are too injured to fight recklessly!
The goblin closely misses you. The quokka closely misses you.
The quokka bites you.
* * * LOW HITPOINT WARNING * * *
There is an open door here.
Casting: Sandblast (safe; 4% risk of failure)
Confirm with . or Enter, or press ? or * to list all spells.
Aiming: Sandblast (safe; 4% risk of failure)
Press: ? - help, Shift-Dir - straight line, f/p - quokka
Aim: a quokka (almost dead, 71% to hit)
The blast of sand misses the quokka.
The blast of sand hits the goblin!
You kill the goblin!
The quokka bites you.
You die...

........# #.......
........# #......###.
........# #######..........
........###....##......?...
..........#....##..........
..#.#.#.#.#....##......#
..........#[...##...)..#
###
>.#.#.#.#.#....##......##
...
..........'...@r)........#
###
..#.#.#.#.#....####......#
+.............)# #......#
..#.#.#.#..##### #......#
#.........## ########
......#### ..... .##


You could see a quokka.

Vanquished Creatures
  A ball python (D:1)
  An endoplasm (D:1)
  A goblin (D:1)
  A frilled lizard (D:1)
  A kobold (D:1)
  A rat (D:1)
6 creatures vanquished.

Notes
Turn   | Place    | Note
-------+----------+-------------------------------------------
     0 | D:1      | Atelerd the Octopode Earth Elementalist began the quest for
                  | the Orb.
     0 | D:1      | Reached XP level 1. HP: 11/11 MP: 3/3
   202 | D:1      | Slain by a quokka

Illustrated notes

Levels and vault maps discovered:
D:1:      nagdon_arrival_zigzag_paths, layout_basic,
          shapermc_ecumenical_altar_hornbeckon, serial_glass, glass_columns_c,
          glass_columns_a

Action                   || total
-------------------------++-------
Melee: Unarmed           ||     5
       Constrict         ||     1
 Cast: Sandblast         ||     8
 Stab: Sleeping          ||     1
Dodge: Dodged            ||    11
